Map: Яганната РВ

Players

Eiger

  • Race: Protoss Protoss
  • League: Master
  • Spawn Location: 1:00

Hawk - Winner!

  • Race: Protoss Protoss
  • League: Master
  • Spawn Location: 7:00

VOD

Have the link to the VOD?

Description

Time

  • Played on: Jan. 28, 2021, 10:54 a.m.
  • Length: 4:54
Show
View Real Time Build Order
Export as new Build Order

Eiger Protoss 

Build Orders:  

Get SALT Encoding   

  12  0:00  Probe  
  13  0:12  Probe  
  14  0:17  Pylon  
  14  0:24  Probe  
  15  0:35  Gateway  
  15  0:37  Probe (Chrono Boost)  
  16  0:43  Assimilator  
  16  0:48  Probe (Chrono Boost)  
  17  0:53  Probe (Chrono Boost)  
  17  0:56  Assimilator  
  18  1:04  Probe (Chrono Boost)  
  19  1:09  Gateway  
  19  1:16  Probe (Chrono Boost)  
  20  1:25  Probe (Chrono Boost)  
  21  1:26  Cybernetics Core  
  21  1:30  Probe  
  22  1:36  Pylon  
  22  1:42  Probe  
  23  1:54  Probe  
  23  2:01  Warp Gate (Chrono Boost)  
  24  2:03  Stalker x2  
  24  2:07  Probe  
  29  2:14  Pylon  
  29  2:19  Probe  
  30  2:33  Stalker x2  
  34  2:49  Gateway  
  34  3:00  Shield Battery  
  34  3:03  Stalker x2  
  38  3:20  Probe  
  38  3:26  Pylon  
  39  3:41  Pylon  
  39  3:51  Nexus  
  39  3:52  Probe  
  40  4:00  Adept x2  
  44  4:07  Stalker  
  45  4:16  Probe  
  45  4:21  Stalker  
  47  4:29  Pylon  
  47  4:35  Probe  
  44  4:38  Stalker  
  44  4:44  Stalker  
Show
View Real Time Build Order
Export as new Build Order

Hawk Protoss - Winner!

Build Orders:  

Get SALT Encoding   

  12  0:00  Probe  
  13  0:12  Probe  
  14  0:17  Pylon  
  14  0:25  Probe (Chrono Boost)  
  16  0:37  Probe (Chrono Boost)  
  16  0:38  Gateway  
  16  0:42  Probe (Chrono Boost)  
  16  0:47  Assimilator  
  17  0:52  Probe  
  17  0:55  Assimilator  
  18  1:04  Probe  
  18  1:08  Gateway  
  19  1:17  Probe  
  20  1:26  Cybernetics Core  
  20  1:29  Probe  
  21  1:36  Pylon  
  21  1:41  Probe  
  22  1:53  Probe  
  23  1:57  Pylon  
  23  2:02  Warp Gate (Chrono Boost)  
  23  2:04  Stalker x2 (Chrono Boost)  
  26  2:28  Stalker x2 (Chrono Boost)  
  30  2:48  Nexus  
  30  3:04  Stalker x2  
  34  3:14  Probe  
  35  3:23  Pylon  
  35  3:28  Twilight Council  
  35  3:32  Probe  
  36  3:44  Stalker x2  
  36  3:48  Probe  
  41  4:00  Probe x2  
  43  4:09  Stalker x2  
  47  4:14  Probe  
  48  4:28  Probe  
  47  4:39  Stalker x2  
Tags
 
Add a new tag
Caveats
  • Supply blocks, unpowered buildings, or Contaminate may cause inaccurate times.
  • Supply counts are checked every 10 seconds.